 Dungeon Crawl Stone Soup version 0.23.1 (webtiles) character file.

Game seed: 0

51062 esteth the Executioner (level 14, -4/130 HPs)
             Began as a Hill Orc Monk on Mar 8, 2019.
             Was the Champion of Beogh.
             Slain by an orc knight
             ... wielding a +0 long sword
              (31 damage)
             ... on level 2 of the Orcish Mines.
             The game lasted 00:55:16 (22502 turns).

esteth the Executioner (Hill Orc Monk)             Turns: 22502, Time: 00:55:17

Health: -4/130     AC: 24    Str: 21    XL:     14   Next: 58%
Magic:  17/18      EV:  8    Int: 10    God:    Beogh [******]
Gold:   1574       SH:  0    Dex: 13    Spells: 11/13 levels left

rFire    . . .     SeeInvis .   V - +8 battleaxe "Xom's Passing Interest" {chop, Str+2}
rCold    . . .     Gourm    .   (shield currently unavailable)
rNeg     . . .     Faith    .   B - +0 plate armour
rPois    .         Spirit   .   (no helmet)
rElec    .         Reflect  .   T - +2 cloak {MR+}
rCorr    .         Harm     .   X - +1 pair of gloves
MR       ++...                  (no boots)
Stlth    ..........             p - amulet of magic regeneration
HPRegen  0.31/turn              j - +2 ring of slaying
MPRegen  0.41/turn              O - +3 ring of protection

@: recalling
A: walk on water, low mp 1
a: Smiting, Stop Recall, Give Item to Named Follower, Resurrection, Renounce
Religion


You were on level 2 of the Orcish Mines.
You worshipped Beogh.
Beogh was exalted by your worship.
You were not hungry.

You visited 3 branches of the dungeon, and saw 21 of its levels.

You collected 1874 gold pieces.
You spent 300 gold pieces at shops.

Inventory:

Hand Weapons
 J - a +3 eveningstar of protection
 V - the +8 battleaxe "Xom's Passing Interest" (weapon) {chop, Str+2}
   (You found it on level 5 of the Lair of Beasts)

   It inflicts extra damage upon your enemies.
   It affects your strength (+2).
Missiles
 m - 4 throwing nets (quivered)
Armour
 B - a +0 plate armour (worn)
 T - a +2 cloak of magic resistance (worn)
 X - a +1 pair of gloves (worn)
Jewellery
 e - a +3 ring of dexterity
 j - a +2 ring of slaying (left hand)
 p - an amulet of magic regeneration (around neck)
 A - an uncursed ring of resist corrosion
 L - an uncursed ring of protection from fire
 O - a +3 ring of protection (right hand)
 S - an uncursed ring of see invisible
Wands
 y - a wand of paralysis (7)
 C - a wand of polymorph (22)
 F - a wand of flame (75)
 I - a wand of disintegration (18)
 N - a wand of digging (6)
 R - a wand of random effects (69)
Scrolls
 b - a scroll of fog {unknown}
 d - 8 scrolls of remove curse {unknown}
 f - 2 scrolls of random uselessness {unknown}
 g - 12 scrolls of amnesia {unknown}
 k - 2 scrolls of brand weapon {unknown}
 q - 4 scrolls of vulnerability {unknown}
 r - 7 scrolls of teleportation
 u - 3 scrolls of enchant armour {unknown}
 w - 7 scrolls of identify
 D - 2 scrolls of fear {unknown}
 E - 2 scrolls of enchant weapon {unknown}
 G - a scroll of summoning {unknown}
 H - 5 scrolls of immolation {unknown}
 K - 2 scrolls of magic mapping {unknown}
 M - 2 scrolls of acquirement {unknown}
 Z - a scroll of silence {unknown}
Potions
 a - 2 potions of heal wounds
 h - 3 potions of haste
 i - 2 potions of might {unknown}
 l - 2 potions of brilliance
 n - a potion of flight {unknown}
 o - 2 potions of magic
 t - 3 potions of agility
 v - 3 potions of mutation {unknown}
 x - 6 potions of curing {unknown}
 z - a potion of invisibility {unknown}
 Q - a potion of resistance {unknown}
 W - 2 potions of cancellation
 Y - 4 potions of lignification {unknown}
Miscellaneous
 P - a box of beasts
Comestibles
 c - 24 rations
 s - a chunk of flesh


   Skills:
 + Level 13.7 Fighting
 - Level 21.3 Axes
 + Level 11.8 Armour
 + Level 3.9 Dodging
 - Level 1.6 Stealth
 - Level 8.6 Invocations
 - Level 4.0 Evocations


You had 11 spell levels left.
You knew the following spells:

 Your Spells              Type           Power        Failure   Level  Hunger
a - Blink                 Tloc           N/A          100%        2    ###....

Your spell library contained the following spells:

 Spells                   Type           Power        Failure   Level  Hunger
 Confusing Touch          Hex            #.....       99%         1    ##.....
 Freeze                   Ice            #...         99%         1    ##.....
 Magic Dart               Conj           #...         99%         1    ##.....
 Call Imp                 Summ           #.......     100%        2    ###....
 Searing Ray              Conj           #.....       100%        2    ###....
 Slow                     Hex            #.......     100%        2    ###....
 Throw Frost              Conj/Ice       #.....       100%        2    ###....
 Confuse                  Hex            #.......     100%        3    ####...
 Conjure Flame            Conj/Fire      #.......     100%        3    ####...
 Dazzling Spray           Conj/Hex       #.....       100%        3    ####...
 Gell's Gravitas          Tloc           #.........   100%        3    ####...
 Mephitic Cloud           Conj/Pois/Air  #.......     100%        3    ####...
 Ozocubu's Armour         Chrm/Ice       #.......     100%        3    ####...
 Cause Fear               Hex            #.........   100%        4    #####..
 Force Lance              Conj/Tloc      #.......     100%        4    #####..
 Fulminant Prism          Conj/Hex       #.........   100%        4    #####..
 Iskenderun's Mystic Bla  Conj           #.......     100%        4    #####..
 Petrify                  Tmut/Erth      #.......     100%        4    #####..
 Summon Ice Beast         Ice/Summ       #.......     100%        4    #####..
 Throw Icicle             Conj/Ice       #.......     100%        4    #####..
 Metabolic Englaciation   Hex/Ice        #.........   100%        5    ######.
 Silence                  Hex/Air        #.........   100%        5    ######.
 Yara's Violent Unravell  Hex/Tmut       #.........   100%        5    ######.
 Deflect Missiles         Chrm/Air       #.........   100%        6    #######
 Discord                  Hex            #.........   100%        8    #######


Dungeon Overview and Level Annotations

Branches:
Dungeon (13/15)            Temple (0/1) D:5            Lair (6/6) D:9
 Shoals (0/4) Lair:3        Snake (0/4) Lair:4        Slime (0/5) Lair:5
    Orc (2/2) D:11            Elf (0/3) Orc:2        Vaults (0/5) D:13

Altars:
Ashenzari
Dithmenos
Nemelex Xobeh
Okawaru
Qazlal
Ru
Uskayaw
Zin

Shops:
D:13 !   Orc:2 [

Annotations:
D:4 1 runed translucent door, Crazy Yiuf
D:13 3 runed translucent doors


Innate Abilities, Weirdness & Mutations

You can walk on water.
Your magical capacity is low. (-10% MP)


Message History

The orc high priest hits you but does no damage.
Your orc priest hits the orc warrior with a +0 hand axe.
Your orc priest hits something but does no damage.
Your orc priest hits the orc knight but does no damage.
Something hits your orc priest!!
Warbeogh roars a battlecry!
Your plate armour prevents you from hitting the orc high priest.
The orc high priest is heavily wounded.
Your plate armour prevents you from hitting the orc knight.
You slice the sixfirhy!!
Your orc warrior is recalled.
The sixfirhy hits you but does no damage.
The sixfirhy hits you! The sixfirhy shocks you! The sixfirhy hits you.
* * * LOW HITPOINT WARNING * * *
The sixfirhy shocks you!
* * * LOW HITPOINT WARNING * * *
Norbak closely misses the ynoxinul.
The orc knight hits you with a +0 long sword!!
You die...
Beogh appreciates the orc knight's killing of a heretic priest.

####### ### ###.....###
##... ##.()......###
##..... .............##
##.......
.)............###.......
#.#(#.#.#.#.#o#.#)#)#.#.#
()..)(..)......oo)o..3o.o
...)†..)).....#o#3ooo.o)o
....)..))oo.o..o@oo))3...
#.#.#.#.#.#.#o#.#o#o#.#.#
..............###o...)o.
.............## ##4.).. .
##.........### ##.....
###.....### ##... #######
### ################
...##...#......#


You could see 4 orc knights, a soul eater, 3 orc high priests, a rust devil, a
sixfirhy, a ynoxinul, an orc warrior, the friendly Warbeogh the orc warlord, the
friendly Bogwald the orc knight, 6 friendly orc warriors, the friendly Norbak
the orc warrior, a friendly orc priest and a friendly orc wizard.

Vanquished Creatures
  Azrael (D:13)
  4 vault guards (D:13)
  A catoblepas (Lair:6)
  An ogre mage (D:13)
  Erica (D:8)
  A two-headed ogre (D:12)
  7 death yaks
  3 skeletal warriors (D:12)
  2 orc knights
  A lindwurm (Lair:6)
  Pikel (D:8)
  A cyclops (D:12)
  2 ugly things
  A manticore (D:11)
  4 elephants
  A centaur zombie (D:10)
  4 black mambas
  A gargoyle (D:13)
  3 komodo dragons
  2 spiny frogs
  A yaktaur (D:13)
  3 trolls
  4 blink frogs (Lair:5)
  2 dream sheep (Lair:5)
  4 hippogriffs
  A wraith (Lair:4)
  21 yaks
  2 wargs (Orc:1)
  An acid dragon (D:13)
  A hell hound (D:13)
  A soldier ant (D:13)
  A porcupine (Lair:1)
  3 orc warriors
  3 water moccasins
  2 ice beasts
  3 sky beasts
  A black bear (Lair:6)
  2 necrophages
  A slave (D:8)
  5 ogres
  2 phantoms
  12 wolves
  4 crocodiles
  2 centaurs
  7 big kobolds
  9 bullfrogs
  A wyvern zombie (D:13)
  A wyvern skeleton (D:9)
  2 scorpions
  5 killer bees (D:11)
  2 howler monkeys
  6 crimson imps
  2 bullfrog zombies
  4 hounds
  12 jellies
  8 orc priests
  3 bullfrog skeletons
  10 orc wizards
  2 centaur skeletons
  6 iguanas
  12 worker ants
  A hound zombie (D:7)
  A hound skeleton (D:8)
  2 worker ant zombies
  14 gnolls
  9 adders
  3 shadow imps
  2 oozes
  An adder zombie (D:6)
  2 adder skeletons
  4 worms
  4 dart slugs
  6 leopard geckos
  19 orcs
  7 bats
  5 giant cockroaches
  28 goblins
  22 hobgoblins
  10 jackals
  3 quokkas
  3 ball pythons
  A ball python skeleton (D:4)
  3 frilled lizards (D:1)
  10 kobolds
  A quokka skeleton (D:5)
  A quokka zombie (D:7)
  4 rats
  7 fungi
  5 plants
394 creatures vanquished.

Vanquished Creatures (collateral kills)
  Nessos (Lair:4)
  Josephine (Lair:4)
  Snorg (D:13)
  2 hydras
  A two-headed ogre (D:8)
  A deep troll shaman (Lair:6)
  2 death yaks (Lair:6)
  An orc high priest (Orc:1)
  Sonja (D:13)
  A skeletal warrior (D:12)
  An orc knight (Orc:2)
  2 ugly things
  2 orc sorcerers
  A centaur zombie (D:11)
  5 elephants
  2 black mambas (Lair:4)
  A merfolk siren (Lair:3)
  Psyche (D:8)
  3 spiny frogs
  7 komodo dragons
  2 rime drakes (Lair:4)
  A polar bear (Lair:5)
  4 trolls
  A hippogriff (Lair:6)
  6 blink frogs
  2 dream sheep (Lair:5)
  4 wraiths (Lair:4)
  23 yaks
  2 fire elementals (D:13)
  A human (D:13)
  A basilisk (Lair:6)
  A warg (Orc:1)
  3 hell hounds (D:13)
  9 water moccasins
  5 orc warriors
  A porcupine (Lair:1)
  A phantom (D:11)
  2 wolves (Lair:5)
  3 ogres
  3 crocodiles (Lair:4)
  3 bullfrogs
  A wyvern zombie (D:11)
  A scorpion (D:13)
  2 killer bees (D:11)
  A water moccasin skeleton (D:6)
  An electric eel (Lair:4)
  A bullfrog zombie (D:12)
  A hound (D:10)
  3 jellies
  7 orc priests
  4 orc wizards
  2 worker ants
  2 adders (Lair:4)
  2 shadow imps (D:9)
  A leopard gecko (D:10)
  9 orcs
  A quokka (D:6)
  A kobold (D:10)
  5 fungi
  14 plants
174 creatures vanquished.

Vanquished Creatures (others)
  2 orc knights
  An orc high priest (Orc:2)
  15 orc warriors
  A sky beast (D:6)
  A slave (D:8)
  26 orcs
  A hound (D:8)
  11 orc priests
  2 orc wizards
  An adder (D:6)
  6 fungi
  15 plants
82 creatures vanquished.

Grand Total: 650 creatures vanquished

Notes
Turn   | Place    | Note
-------+----------+-------------------------------------------
     0 | D:1      | esteth the Hill Orc Monk began the quest for the Orb.
     0 | D:1      | Reached XP level 1. HP: 19/19 MP: 1/1
   206 | D:1      | Reached skill level 1 in Armour
   206 | D:1      | Reached XP level 2. HP: 26/26 MP: 2/2
   636 | D:2      | Reached XP level 3. HP: 26/31 MP: 3/3
  1015 | D:2      | Reached skill level 5 in Axes
  1267 | D:3      | Reached XP level 4. HP: 30/39 MP: 4/4
  1544 | D:3      | Reached skill level 6 in Axes
  1544 | D:3      | Reached XP level 5. HP: 42/45 MP: 5/5
  2203 | D:3      | Reached XP level 6. HP: 42/51 MP: 6/6
  2384 | D:3      | Reached skill level 7 in Axes
  2395 | D:3      | Reached skill level 5 in Armour
  2395 | D:3      | Reached XP level 7. HP: 19/57 MP: 7/7
  2413 | D:3      | Reached skill level 8 in Axes
  3486 | D:4      | Found a runed translucent door.
  3487 | D:4      | Noticed Crazy Yiuf
  4007 | D:3      | Reached XP level 8. HP: 65/66 MP: 8/8
  4124 | D:4      | Reached skill level 9 in Axes
  4371 | D:4      | Learned a level 2 spell: Blink
  4689 | D:5      | Entered Level 5 of the Dungeon
  4849 | D:5      | Found a staircase to the Ecumenical Temple.
  5006 | D:5      | Reached skill level 5 in Fighting
  5052 | D:5      | Found a shadowy altar of Dithmenos.
  5290 | D:5      | Found an iron altar of Okawaru.
  5503 | D:6      | Became a worshipper of Beogh the Brigand
  5503 | D:6      | Reached * piety under Beogh
  5503 | D:6      | Reached ** piety under Beogh
  5521 | D:6      | Found a shattered altar of Ashenzari.
  5541 | D:6      | Found a sacrificial altar of Ru.
  5563 | D:7      | Found a hide-covered altar of Uskayaw.
  5585 | D:7      | Noticed a +0 dagger
  5585 | D:7      | Noticed a +0 dagger
  5591 | D:7      | Reached skill level 10 in Axes
  5745 | D:7      | Reached XP level 9. HP: 47/75 MP: 9/9
  5756 | D:7      | Reached skill level 10 in Fighting
  5756 | D:7      | Reached skill level 13 in Axes
  5756 | D:7      | Reached skill level 10 in Armour
  5756 | D:7      | Reached XP level 10. HP: 32/94 MP: 10/10
  6376 | D:7      | Found a glowing silver altar of Zin.
  6739 | D:8      | Noticed Pikel
  6774 | D:8      | Killed Pikel
  6854 | D:8      | Reached skill level 1 in Invocations
  6857 | D:8      | Noticed Erica
  6859 | D:8      | Reached *** piety under Beogh
  7049 | D:8      | Killed Erica
  7522 | D:6      | Got a polished leather armour
  7523 | D:6      | Identified the +2 leather armour of the Ageless Stars
                  | {*Drain Int+2 Dex+3 Stlth+} (You found it on level 6 of the
                  | Dungeon)
  7605 | D:6      | Found a sparkling altar of Nemelex Xobeh.
  7932 | D:8      | Noticed Psyche
  7941 | D:8      | Killed Psyche
  8050 | D:8      | Noticed a two-headed ogre
  8060 | D:8      | Killed a two-headed ogre
  8060 | D:8      | Reached XP level 11. HP: 81/102 MP: 13/13
  8427 | D:8      | Reached skill level 14 in Axes
  8775 | D:9      | Found a staircase to the Lair.
  9082 | D:9      | Found a stormy altar of Qazlal.
  9273 | D:9      | Gained Urtork as an ally
  9629 | Lair:1   | Entered Level 1 of the Lair of Beasts
 10558 | Lair:1   | You fall through a shaft!
 11326 | Lair:2   | Reached skill level 5 in Invocations
 12831 | Lair:3   | Found a staircase to the Shoals.
 13091 | Lair:3   | Reached skill level 1 in Evocations
 13857 | Lair:4   | Reached **** piety under Beogh
 13947 | Lair:4   | Noticed Josephine
 13948 | Lair:4   | Reached skill level 15 in Axes
 13952 | Lair:4   | Noticed Nessos
 13957 | Lair:4   | HP: 3/105 [Nessos/arrow (3)]
 14573 | Lair:4   | Reached XP level 12. HP: 66/113 MP: 17/17
 14712 | Lair:4   | Found a staircase to the Snake Pit.
 14984 | Lair:4   | Killed Josephine
 15335 | Lair:4   | Killed Nessos
 16223 | Lair:5   | Got a warped battleaxe
 16224 | Lair:5   | Identified the +8 battleaxe "Xom's Passing Interest" {chop,
                  | Str+2} (You found it on level 5 of the Lair of Beasts)
 16256 | Lair:5   | Reached skill level 16 in Axes
 16376 | Lair:5   | Noticed a seven-headed hydra
 16382 | Lair:5   | Your ally Urtork died
 16384 | Lair:5   | Killed a seven-headed hydra
 16453 | Lair:5   | Noticed a death yak
 16454 | Lair:5   | Noticed a death yak
 16467 | Lair:5   | Killed a death yak
 16484 | Lair:5   | Gained Warbeogh as an ally
 16488 | Lair:5   | Killed a death yak
 16488 | Lair:5   | Reached skill level 17 in Axes
 16676 | Lair:5   | Noticed a death yak
 16678 | Lair:5   | Noticed a death yak
 16685 | Lair:5   | Killed a death yak
 16691 | Lair:5   | Killed a death yak
 16691 | Lair:5   | Reached XP level 13. HP: 91/122 MP: 19/19
 17012 | Lair:5   | Found a staircase to the Slime Pits.
 17232 | Lair:6   | Entered Level 6 of the Lair of Beasts
 17325 | Lair:6   | Reached ***** piety under Beogh
 17338 | Lair:6   | Reached skill level 18 in Axes
 17787 | Lair:6   | Reached skill level 19 in Axes
 18052 | Lair:6   | Noticed Urug
 18660 | D:10     | Entered Level 10 of the Dungeon
 18875 | D:10     | Found a sacrificial altar of Ru.
 19424 | D:11     | Reached skill level 20 in Axes
 19470 | D:11     | Gained Bolgrim as an ally
 20009 | D:11     | Found a staircase to the Orcish Mines.
 20212 | D:12     | Reached XP level 14. HP: 129/129 MP: 20/20
 20315 | D:12     | Gained Bogwald as an ally
 20657 | D:13     | Noticed Azrael
 20659 | D:13     | Reached skill level 21 in Axes
 20663 | D:13     | Killed Azrael
 20873 | D:13     | Reached ****** piety under Beogh
 21051 | D:13     | Noticed Sonja
 21062 | D:13     | Killed Sonja
 21280 | D:13     | Found Safur's Distillery.
 21584 | D:13     | Bought a potion of haste for 150 gold pieces
 21584 | D:13     | Bought a potion of heal wounds for 75 gold pieces
 21584 | D:13     | Bought a potion of heal wounds for 75 gold pieces
 21593 | D:13     | Noticed Snorg
 21595 | D:13     | Killed Snorg
 21601 | D:13     | Found a runed translucent door.
 21602 | D:13     | Found a runed translucent door.
 21782 | D:13     | Found a gate to the Vaults.
 21787 | D:13     | Gained Ogrik as an ally
 21916 | D:13     | Found a runed translucent door.
 22005 | Orc:1    | Entered Level 1 of the Orcish Mines
 22112 | Orc:2    | Entered Level 2 of the Orcish Mines
 22232 | Orc:2    | Gained mutation: Your magical capacity is low. (-10% MP) [a
                  | neqoxec]
 22235 | Orc:2    | Found Gaopn's Armour Boutique.
 22302 | Orc:2    | Gained Okrist as an ally
 22318 | Orc:2    | Gained Berold as an ally
 22349 | Orc:2    | Found a staircase to the Elven Halls.
 22496 | Orc:2    | Gained Norbak as an ally
 22500 | Orc:2    | Your ally Bolgrim died
 22502 | Orc:2    | Slain by an orc knight

Skill      XL: |  1  2  3  4  5  6  7  8  9 10 11 12 13 14 |
---------------+-------------------------------------------+-----
Armour         | 1 2 3 4 5 6 7 10 11 | 11.8
Axes           | 5 6 7 8 10 13 15 17 20 21 | 21.3
Fighting       | 4 6 10 11 12 13 | 13.7
Invocations    | 3 7 8 |  8.6
Evocations     | 2 4 |  4.0
Dodging        | 3 |  3.9
Stealth        | |  1.6

Action                   |  1- 3 |  4- 6 |  7- 9 | 10-12 | 13-15 || total
-------------------------+-------+-------+-------+-------+-------++-------
Melee: Hand axe          |   128 |   163 |   382 |   697 |       ||  1370
       Battleaxe         |       |       |       |    52 |   346 ||   398
Invok: Convert to Beogh  |       |       |     1 |       |       ||     1
       Smiting           |       |       |       |     3 |     1 ||     4
       Recall Orcish Fol |       |       |       |     1 |     7 ||     8
       Give Item to Name |       |       |       |       |     3 ||     3
  Use: Scroll            |     3 |       |     3 |     8 |     5 ||    19
       Potion            |       |     2 |     2 |     4 |     1 ||     9
 Stab: Sleeping          |     1 |       |       |       |       ||     1
       Distracted        |       |       |       |     5 |     9 ||    14
       Petrifying        |       |       |       |       |     1 ||     1
  Eat: Chunk             |     1 |     4 |    11 |    21 |    15 ||    52
       Ration            |       |       |       |     4 |     1 ||     5
Armor: Ring mail         |    56 |    66 |    51 |       |       ||   173
       Robe              |     1 |       |       |       |       ||     1
       Plate armour      |       |       |   180 |   350 |   214 ||   744
Dodge: Dodged            |    77 |   103 |   107 |   191 |   112 ||   590
